 Dungeon Crawl Stone Soup version 0.19-a0-1183-gcd7e582 (webtiles) character file.

97 Arkorax the Chopper (level 4, 0/40 HPs)
             Began as a Naga Gladiator on Aug 18, 2016.
             Slain by a gnoll
             ... wielding a +0 halberd
              (9 damage)
             ... on level 4 of the Dungeon.
             The game lasted 00:03:53 (2394 turns).

Arkorax the Chopper (Naga Gladiator)                Turns: 2394, Time: 00:03:54

Health: 0/40       AC:  4    Str: 19    XL:     4   Next: 68%
Magic:  4/4        EV: 10    Int:  8    God:
Gold:   67         SH:  0    Dex: 11    Spells: 0 memorised, 3 levels left

rFire  . . .     SeeInvis +     a - +0 war axe
rCold  . . .     Gourm    .     b - +0 leather armour
rNeg   . . .     Faith    .     (no shield)
rPois  +         Spirit   .     c - +0 helmet
rElec  .         Dismiss  .     (no cloak)
rCorr  .         Reflect  .     (no gloves)
MR     .....     Harm     .     (no barding)
Stlth  +.........               (no amulet)
                                (no ring)
                                (no ring)

@: drained, very slow
A: see invisible, deformed body, poison resistance, slowness 2, slow metabolism
1, spit poison 2, AC +1
a: Spit Poison


You were on level 4 of the Dungeon.
You were not hungry.

You visited 1 branch of the dungeon, and saw 4 of its levels.

You collected 67 gold pieces.

Inventory:

Hand Weapons
 a - a +0 war axe (weapon)
Missiles
 d - 3 throwing nets (quivered)
Armour
 b - a +0 leather armour (worn)
 c - a +0 helmet (worn)
Scrolls
 g - a scroll of fear {unknown}
 h - a scroll of amnesia {unknown}
 i - 4 scrolls of identify {unknown}
 j - a scroll of recharging {unknown}
 l - a scroll of enchant armour {unknown}
Potions
 e - a potion of ambrosia {unknown}
Comestibles
 f - a bread ration
 k - 2 chunks of flesh


   Skills:
 + Level 2.6 Fighting
 * Level 4.4(4.3) Axes
 - Level 1.7 Throwing
 + Level 1.4 Armour
 - Level 2.4(2.3) Dodging


You had 3 spell levels left.
You didn't know any spells.

Dungeon Overview and Level Annotations

Branches:
Dungeon (4/15)
 Temple: D:4-7

Altars:

Shops:
D:4 [


Innate Abilities, Weirdness & Mutations

You cannot wear boots.
Your serpentine skin is tough. (AC +1)
You have supernaturally acute eyesight. (SInv)
Armour fits poorly on your strangely shaped body.
Your system is resistant to poisons. (rPois)
You cover ground very slowly.
You have a slow metabolism.
You can spit poison.


Message History

You closely miss the orc. The hound closely misses you.
The orc hits you but does no damage. The hound bites you.
The gnoll hits you from afar with a spear!
You barely miss the hound.
The hound is almost dead.
You hit the orc but do no damage. The hound closely misses you.
The orc hits you with a dagger.
The gnoll hits you from afar with a spear.
The hound bites you but does no damage. The orc barely misses you.
The gnoll shouts!
The hound bites you.
The gnoll hits you from afar with a spear.
The hound barely misses you. The hound closely misses you. The hound bites you.
* * * LOW HITPOINT WARNING * * *
The hound closely misses you.
There is a stone staircase leading down here.
The hound barely misses you.
The gnoll hits you from afar with a halberd!
You die...

# .....#
#####.##....#### ###
#...#.#.[.?....#....
gg....#........#...
...................
...............#
#.#..gg..#
#.##.#h### #.go.#@#
###..###.#
###........#
###..........####
.....##.........
###.#.###.#.#####
..........#.#
...#.......# #
.#.#.#..##.###


You could see a hound and 2 gnolls.

Vanquished Creatures
  4 adders
  A worm (D:2)
  A dart slug (D:1)
  2 giant geckos
  An orc (D:4)
  6 bats
  3 giant cockroaches
  8 goblins
  9 hobgoblins
  5 kobolds
  A quokka (D:2)
  3 giant newts
  7 rats
51 creatures vanquished.

Notes
Turn   | Place    | Note
-------+----------+-------------------------------------------
     0 | D:1      | Arkorax the Naga Gladiator began the quest for the Orb.
     0 | D:1      | Reached XP level 1. HP: 19/19 MP: 1/1
    62 | D:1      | Reached XP level 2. HP: 9/26 MP: 2/2
   441 | D:1      | Reached skill level 1 in Armour
   441 | D:1      | Reached XP level 3. HP: 26/32 MP: 3/3
  1001 | D:2      | Reached skill level 4 in Axes
  1266 | D:2      | Reached XP level 4. HP: 35/40 MP: 4/4
  2165 | D:4      | Found Tuelyext's Armour Boutique.
  2394 | D:4      | Slain by a gnoll

Vault maps used:
D:1:      grunt_arrival_crossed_arrows, minmay_misc_feat_tiny
D:3:      fiery_altar_vehumet, uniq_iyjb
D:4:      first_bread, serial_shops, kennysheep_little_box

Skill      XL: |  1  2  3 |
---------------+----------+-----
Armour         | 1 |  1.4
Axes           | 4 |  4.4
Fighting       | |  2.6
Throwing       | |  1.7
Dodging        | |  2.4

Action                   |  1- 3 |  4- 6 || total
-------------------------+-------+-------++-------
Melee: War axe           |   104 |    53 ||   157
 Abil: Spit Poison       |     7 |     1 ||     8
  Eat: Chunk             |     1 |     3 ||     4
Armor: Leather armour    |    30 |    43 ||    73
Dodge: Dodged            |    66 |    53 ||   119
